 Dungeon Crawl Stone Soup version 0.19.1 (webtiles) character file.

515 loralnil the Chopper (level 7, 0/54 HPs)
             Began as a Demonspawn Chaos Knight on Dec 6, 2016.
             Slain by an ogre
             ... wielding a +0 giant club
              (10 damage)
             ... on level 4 of the Dungeon.
             The game lasted 00:08:51 (2823 turns).

loralnil the Chopper (Demonspawn Chaos Knight)      Turns: 2823, Time: 00:08:52

Health: 0/54       AC: 10    Str: 13    XL:     7   Next: 0%
Magic:  7/7        EV:  6    Int:  9    God:    Xom [..*...]
Gold:   108        SH:  3    Dex: 12    Spells: 0 memorised, 6 levels left

rFire  . . .     SeeInvis .     a - +0 hand axe (chaos)
rCold  . . .     Gourm    .     p - +0 chain mail
rNeg   . . .     Faith    .     m - +0 buckler (curse)
rPois  .         Spirit   .     n - +0 helmet
rElec  .         Reflect  .     (no cloak)
rCorr  .         Harm     .     (no gloves)
MR     .....                    (no boots)
Stlth  +.........               (no amulet)
                                v - ring of stealth
                                b - ring of wizardry

@: no status effects
A: blurry vision 1, dopey 2, nightstalker 1, spiny 1, weak 1
a: Renounce Religion


You were on level 4 of the Dungeon.
You worshipped Xom.
You were a toy of Xom.
You were not hungry.

You visited 1 branch of the dungeon, and saw 4 of its levels.

You collected 108 gold pieces.

Inventory:

Hand Weapons
 a - a +0 hand axe of chaos (weapon)
Armour
 m - a cursed +0 buckler (worn)
 n - a +0 helmet (worn)
 p - a +0 chain mail (worn)
Jewellery
 b - a ring of wizardry (left hand)
 v - a ring of stealth (right hand)
Scrolls
 d - 2 scrolls of noise {unknown}
 e - 3 scrolls of identify {unknown}
 k - 2 scrolls of amnesia {unknown}
 l - a scroll of recharging {unknown}
 o - 2 scrolls of remove curse {unknown}
 q - a scroll of fog {unknown}
 s - a scroll of immolation {unknown}
 u - a scroll of blinking {unknown}
Potions
 g - a potion of curing
 h - a potion of degeneration {unknown}
 i - a potion of agility {unknown}
 r - a potion of lignification {unknown}
 t - a potion of heal wounds {unknown}
Comestibles
 c - a bread ration
 f - a beef jerky
 j - a meat ration


   Skills:
 + Level 4.3 Fighting
 + Level 4.6 Axes
 + Level 3.7 Armour
 + Level 1.9 Dodging
 + Level 2.0 Stealth
 + Level 1.1 Shields


You had 6 spell levels left.
You didn't know any spells.

Dungeon Overview and Level Annotations

Branches:
Dungeon (4/15)             Temple (0/1) D:4

Altars:


Innate Abilities, Weirdness & Mutations

You are slightly more attuned to the shadows.
You are partially covered in sharp spines.
Scrolls take you a little longer to read.
You are very dopey. (Int -4)
You are weak. (Str -2)


Message History

You kill the gnoll!
You have reached level 7!
Things that are here:
a spear; a gnoll corpse You start resting.
An ogre comes into view. It is wielding a giant club.
Xom grants you insight.
You detect items!
You slash the ogre! You burn the ogre.
The ogre is moderately wounded.
The ogre is struck by your spines. The ogre hits you with a giant club!!
* * * LOW HITPOINT WARNING * * *
You barely miss the ogre.
The ogre is heavily wounded.
The ogre hits you with a giant club.
* * * LOW HITPOINT WARNING * * *
You hit the ogre. You freeze the ogre.
The ogre is heavily wounded.
The ogre is struck by your spines. The ogre hits you with a giant club!
You die...

####...## ...†###.##
∆ ∆ #...# #..#######
...#.⌠.#.......#
#...#.#.....##.#
##..###..##.##.#
##....#...)##.#
.####.#...#.#####...
#...%.)).@O..... ∆
###............. ∆
................ ∆ ∆
.........####...
#.........# #∆..
#.##...#### #...#
#.##... #..)# #.#
#...#### #### #.#
#.....>#


You could see an ogre.

Vanquished Creatures
  Sigmund (D:3)
  Jessica (D:3)
  Natasha (thrice) (D:3)
  2 orc wizards (D:3)
  3 gnolls (D:4)
  7 adders
  3 oozes
  3 worms
  2 dart slugs
  2 leopard geckos
  10 orcs (D:3)
  A ball python (D:3)
  7 bats
  5 giant cockroaches
  8 goblins
  4 hobgoblins
  2 quokkas (D:2)
  5 frilled lizards
  A jackal skeleton (D:3)
  4 kobolds
  9 rats
83 creatures vanquished.

Notes
Turn   | Place    | Note
-------+----------+-------------------------------------------
     0 | D:1      | loralnil the Demonspawn Chaos Knight began the quest for the Orb.
     0 | D:1      | Reached XP level 1. HP: 18/18 MP: 1/1
   174 | D:1      | XOM: smoke on damage
   313 | D:1      | Gained mutation: You are partially covered in sharp spines. [demonic ancestry]
   313 | D:1      | Reached XP level 2. HP: 21/24 MP: 2/2
   431 | D:1      | XOM: silly message
   441 | D:1      | XOM: harmless Divn miscast
   686 | D:1      | XOM: divination: detect creatures
   706 | D:1      | XOM: give mutations
   706 | D:1      | Gained mutation: Armour fits poorly on your strangely shaped body. [Xom's mischief]
   706 | D:1      | Gained mutation: Scrolls take you a little longer to read. [Xom's mischief]
   706 | D:1      | Gained mutation: You are dopey. (Int -2) [Xom's mischief]
   706 | D:1      | Gained mutation: You passively map a small area around you. [Xom's mischief]
   744 | D:1      | Gained mutation: You are slightly more attuned to the shadows. [demonic ancestry]
   744 | D:1      | Reached XP level 3. HP: 29/29 MP: 3/3
   779 | D:1      | XOM: give mutations
   779 | D:1      | Lost mutation: You passively map a small area around you. [Xom's mischief]
   779 | D:1      | Gained mutation: You are very dopey. (Int -4) [Xom's mischief]
   779 | D:1      | Lost mutation: Armour fits poorly on your strangely shaped body. [Xom's mischief]
   779 | D:1      | Gained mutation: You are weak. (Str -2) [Xom's mischief]
   874 | D:1      | XOM: mild Summ miscast
   897 | D:1      | XOM: divination: detect creatures
   996 | D:2      | Reached skill level 1 in Dodging
  1108 | D:2      | Reached XP level 4. HP: 26/37 MP: 4/4
  1360 | D:2      | Reached skill level 1 in Stealth
  1648 | D:3      | XOM: noise
  1680 | D:3      | XOM: cast spell 'Summon Butterflies'
  1767 | D:3      | XOM: potion effect (brilliance)
  1769 | D:3      | Reached XP level 5. HP: 42/42 MP: 5/5
  2018 | D:3      | Noticed Natasha
  2025 | D:3      | Killed Natasha
  2036 | D:3      | XOM: harmless Tmut miscast
  2080 | D:3      | Noticed Sigmund
  2102 | D:3      | Killed Sigmund
  2102 | D:3      | Reached XP level 6. HP: 9/48 MP: 6/6
  2112 | D:3      | XOM: harmless Air miscast
  2235 | D:3      | XOM: scenery: 1 doors close
  2448 | D:3      | Noticed Natasha
  2460 | D:3      | Killed Natasha
  2460 | D:3      | Reached skill level 1 in Shields
  2497 | D:3      | Noticed Natasha
  2501 | D:3      | Killed Natasha
  2512 | D:3      | Noticed Jessica
  2518 | D:3      | Killed Jessica
  2649 | D:4      | Found a staircase to the Ecumenical Temple.
  2800 | D:4      | XOM: noise
  2814 | D:4      | Reached XP level 7. HP: 34/54 MP: 7/7
  2818 | D:4      | XOM: divination: detect items
  2823 | D:4      | Slain by an ogre

Skill      XL: |  1  2  3  4  5  6 |
---------------+-------------------+-----
Armour         | 2 3 |  3.7
Axes           | 3 4 |  4.6
Dodging        | 1 |  1.9
Stealth        | 1 2 |  2.0
Fighting       | 4 |  4.3
Shields        | 1 |  1.1

Action                   |  1- 3 |  4- 6 |  7- 9 || total
-------------------------+-------+-------+-------++-------
Melee: Hand axe          |    78 |   147 |     3 ||   228
 Stab: Sleeping          |     2 |     1 |       ||     3
  Eat: Chunk             |     1 |     5 |       ||     6
Armor: Leather armour    |    43 |     8 |       ||    51
       Chain mail        |       |    56 |       ||    56
Dodge: Dodged            |    55 |    40 |       ||    95
Block: Buckler           |       |    19 |       ||    19
